 Dungeon Crawl Stone Soup version 0.31.0-12-g77e489cdc1 (webtiles) character file.

Game seed: 14513704231306901793

462 hawla the Carver (level 6, -3/51 HPs)
             Began as a Minotaur Fighter on Feb 25, 2024.
             Was a Follower of Yredelemnul.
             Slain by a yak (9 damage)
             ... on level 4 of the Dungeon.
             The game lasted 00:07:00 (3736 turns).

hawla the Carver (Minotaur Fighter)                 Turns: 3736, Time: 00:07:01

Health: -3/51      AC: 11    Str: 20    XL:     6   Next: 79%
Magic:  5/5        EV:  6    Int:  5    God:    Yredelemnul [*.....]
Gold:   230        SH:  4    Dex: 12    Spells: 5/5 levels left

rFire   . . .        a - +0 long sword
rCold   . . .        c - +0 buckler
rNeg    . . .        r - +0 plate armour
rPois   .            (helmet restricted)
rElec   .            (no cloak)
rCorr   .            (no gloves)
SInv    .            (no boots)
Will    .....        (no amulet) Stlth
                     (no ring)
HPRegen 0.28/turn    (no ring)
MPRegen 0.09/turn

%: no passive effects
@: no status effects
A: horns 2, retaliatory headbutt
a: Renounce Religion, Recall Undead Harvest


You were on level 4 of the Dungeon.
You worshipped Yredelemnul.
Yredelemnul was noncommittal.
You visited 1 branch of the dungeon, and saw 7 of its levels.

You collected 230 gold pieces.

Inventory:

Hand Weapons
 a - a +0 long sword (weapon)
Missiles
 s - 12 poisoned darts (quivered)
 y - 4 curare-tipped darts
Armour
 c - a +0 buckler (worn)
 r - a +0 plate armour (worn)
Jewellery
 w - a ring of positive energy
 x - a ring of see invisible
Wands
 o - a wand of polymorph (5)
Scrolls
 b - a scroll of fog
 e - a scroll of blinking
 f - a scroll of teleportation {unknown}
 g - 3 scrolls of enchant weapon
 h - a scroll of revelation
 j - 3 scrolls of enchant armour {unknown}
 m - a scroll of vulnerability {unknown}
 p - a scroll of acquirement {unknown}
 t - 2 scrolls of identify
 u - a scroll of noise {unknown}
 v - a scroll of poison {unknown}
Potions
 d - 3 potions of might
 l - a potion of mutation {unknown}
 n - 3 potions of attraction {unknown}
 q - a potion of haste {unknown}


   Skills:
 - Level 3.6 Fighting
 + Level 8.1 Long Blades
 - Level 3.6 Armour
 - Level 3.0 Dodging
 - Level 3.6 Shields


You had 5 spell levels left.
You didn't know any spells.
Your spell library was empty.

Dungeon Overview and Level Annotations

Branches:
Dungeon (7/15)             Temple (0/1) D:4

Altars:
Cheibriados
Elyvilon
Gozag
Nemelex Xobeh
Ru
Sif Muna
Uskayaw
Yredelemnul
The Shining One

Shops:
D:2 [


Innate Abilities, Weirdness & Mutations

You have a pair of horns on your head.
You reflexively headbutt those who attack you in melee.


Message History

Your ball python zombie barely misses the hobgoblin.
Your Long Blades skill increases to level 8!
Your ball python zombie closely misses the yak.
You closely miss the hobgoblin.
The hobgoblin hits you but does no damage.
The yak gores your ball python zombie.
Your ball python zombie completely misses the yak.
Your black bear zombie bites the hobgoblin but does no damage.
Your black bear zombie claws the hobgoblin. x2
The hobgoblin dies!
Your ball python zombie bites the yak but does no damage.
Your black bear zombie bites the yak but does no damage.
Your black bear zombie claws the yak. x2
You hit the yak.
The yak is moderately wounded.
The yak gores you!
* * * LOW HITPOINT WARNING * * *
Your ball python zombie bites the yak but does no damage.
The giant cockroach bites your ball python zombie.
Your black bear zombie barely misses the yak.
Your black bear zombie claws the yak but does no damage. x2
You hit the yak but do no damage.
The yak is moderately wounded.
The yak gores you but does no damage.
Your ball python zombie bites the yak but does no damage.
The giant cockroach closely misses your ball python zombie.
Unknown command.
Your black bear zombie barely misses the yak.
Your black bear zombie claws the yak.
Your black bear zombie barely misses the yak.
Your ball python zombie bites the yak but does no damage.
The giant cockroach bites your ball python zombie.
Your black bear zombie bites the yak but does no damage.
Your black bear zombie claws the yak.
Your black bear zombie barely misses the yak.
You hit the yak but do no damage.
The yak is heavily wounded.
The yak gores you!
You die...
Your body rises from the dead as a mindless zombie.

##..#### #.. ##..##.. . ...
#...#... .. .. #...#... ...
.. ########..#... ....##.
#.....##).#... .......
#######.........##Z.
..##<$.##.....##........##..
........BZY@................
$.###..#.Z....##....##......
####......##....##...>..
#......##............
##########...#.............
#....Z#.Z....'.............
#.....'.....###.##'######+#
#_....'..8.#######Z######..
#.....'....##....#....#....


You could see a yak (ally target), a giant cockroach, a friendly ball python
zombie and a friendly black bear zombie.

Vanquished Creatures
  A black bear (D:4)
  A bombardier beetle (D:4)
  2 jellies
  A hound (D:4)
  A sleepcap (D:4)
  2 iguanas
  2 gnolls (D:4)
  4 adders
  3 dart slugs
  A ribbon worm (D:4)
  5 orcs
  6 ball pythons
  2 bats
  5 endoplasms
  A giant cockroach (D:1)
  8 goblins
  5 hobgoblins
  4 kobolds
  10 quokkas
  3 frilled lizards
  2 rats (D:2)
69 creatures vanquished.

Vanquished Creatures (collateral kills)
  A bombardier beetle (D:5)
  A gnoll (D:4)
  A hobgoblin (D:4)
3 creatures vanquished.

Vanquished Creatures (others)
  A hound zombie (D:4)
  A quokka zombie (D:4)
2 creatures vanquished.

Grand Total: 74 creatures vanquished

Notes
Turn   | Place    | Note
-------+----------+-------------------------------------------
     0 | D:1      | hawla the Minotaur Fighter began the quest for the Orb.
     0 | D:1      | Reached XP level 1. HP: 19/19 MP: 0/0
    37 | D:1      | Reached skill level 1 in Dodging
   162 | D:1      | Reached XP level 2. HP: 26/26 MP: 1/1
   636 | D:2      | Reached XP level 3. HP: 30/31 MP: 2/2
   904 | D:2      | Reached skill level 3 in Long Blades
  1152 | D:2      | Found Hudgheuk's Antique Armour Boutique.
  1506 | D:3      | Reached XP level 4. HP: 39/39 MP: 3/3
  1680 | D:3      | Found an opulent altar of Gozag.
  1683 | D:3      | Reached skill level 4 in Long Blades
  1683 | D:3      | Found a sacrificial altar of Ru.
  1683 | D:3      | Found a sparkling altar of Nemelex Xobeh.
  1693 | D:3      | Found a white marble altar of Elyvilon.
  1693 | D:3      | Found a shimmering blue altar of Sif Muna.
  1865 | D:3      | Found a glowing golden altar of the Shining One.
  1867 | D:3      | Noticed an angel
  1879 | D:3      | Found a basalt altar of Yredelemnul.
  1881 | D:3      | Noticed a profane servitor
  1886 | D:3      | Became a worshipper of Yredelemnul the Dark
  2059 | D:3      | Reached * piety under Yredelemnul
  2383 | D:3      | Reached skill level 5 in Long Blades
  2730 | D:4      | Reached XP level 5. HP: 27/45 MP: 4/4
  2901 | D:4      | Identified the +11 hand axe of Uronn {vamp, rC- Dex+4 SInv}
  2938 | D:4      | Reached ** piety under Yredelemnul
  3007 | D:4      | Reached skill level 6 in Long Blades
  3039 | D:4      | Found a staircase to the Ecumenical Temple.
  3044 | D:4      | You fall into a shaft and drop 3 floors!
  3065 | D:6      | Found a hide-covered altar of Uskayaw.
  3099 | D:5      | Entered Level 5 of the Dungeon
  3246 | D:5      | Reached XP level 6. HP: 48/51 MP: 5/5
  3599 | D:4      | Reached skill level 7 in Long Blades
  3658 | D:4      | Found a snail-covered altar of Cheibriados.
  3713 | D:4      | Noticed a yak
  3729 | D:4      | Reached skill level 8 in Long Blades
  3736 | D:4      | Slain by a yak

Illustrated notes

Levels and vault maps discovered:
D:1:      tarquinn_simple_flora_water_e, layout_rooms, serial_forest,
          infiniplex_forest_corner_1, infiniplex_forest_lined_room_2,
          infiniplex_forest_straight_4, infiniplex_forest_clump_cross,
          infiniplex_forest_zigzag_1, infiniplex_forest_straight_1,
          infiniplex_forest_end_3, infiniplex_forest_side_room
D:2:      layout_loops_corners, serial_shops, shop_statue, serial_bayou_lake_a
D:3:      layout_loops_corners, grunt_temple_overflow_holy_war,
          minmay_overflow_temple_star_hex, minmay_misc_feat_diagonals,
          nicolae_concentric_dashed_squares_wild,
          wander_ebering_terrifying_dragon_lair
D:4:      layout_gridville, slow_altar_2, minmay_temple_entry_junction_2,
          minmay_manual_moon
D:5:      layout_loops_ring, evilmike_ruin_ashenzari, serial_shops,
          nicolae_shop_trees, nrook_campfire, kennysheep_donut,
          minmay_gold_behind_fungi
D:6:      minmay_inner_zag, layout_loops_ring, nicolae_uskayaw_dance_hall
D:7:      layout_loops_ring, grunt_temple_overflow_lords_of_destruction,
          grunt_temple_overflow_order_and_chaos_1

Skill      XL: |  1  2  3  4  5  6 |
---------------+-------------------+-----
Dodging        | 1 3 |  3.0
Long Blades    | 3 5 6 8 |  8.1
Fighting       | |  3.6
Armour         | |  3.6
Shields        | |  3.6

Action                     |  1- 3 |  4- 6 || total
---------------------------+-------+-------++-------
  Melee: Long sword        |    95 |   117 ||   212
         Headbutt          |     6 |    20 ||    26
 Invoke: Recall Undead Har |       |     1 ||     1
    Use: Scroll            |       |     4 ||     4
         Potion            |       |     2 ||     2
   Stab: Distracted        |       |     1 ||     1
 Armour: Scale mail        |    62 |     2 ||    64
         Plate armour      |       |    89 ||    89
  Dodge: Dodged            |    57 |    32 ||    89
  Block: Buckler           |    21 |    27 ||    48
